 Dungeon Crawl Stone Soup version 0.31-a0-702-gf82c85558f (webtiles) character file.

Game seed: 9472414821016669491

3047 qw the Skirmisher (level 9, 0/58 HPs)
             Began as a Gargoyle Hunter on Sept 8, 2023.
             Was a Believer of Okawaru.
             Slain by an unseen horror (5 damage)
             ... on level 8 of the Dungeon.
             The game lasted 00:02:24 (5806 turns).

qw the Skirmisher (Gargoyle Hunter)                 Turns: 5806, Time: 00:02:25

Health: 0/58       AC: 11    Str: 18    XL:     9   Next: 87%
Magic:  12/12      EV: 12    Int: 10    God:    Okawaru [**....]
Gold:   220        SH:  0    Dex: 17    Spells: 8/8 levels left

rFire   + . .        a - +0 arbalest
rCold   + + .        (shield currently unavailable)
rNeg    + . .        e - +2 robe {rC+ rF+}
rPois   inf          (no helmet)
rElec   +            (no cloak)
rCorr   .            (no gloves)
SInv    .            d - +0 pair of boots "Fupeacke" {rPois Regen+ Str-3 Stlth+}
Will    .....        (no amulet)
Stlth   +++          Y - ring of protection from cold
HPRegen 1.09/turn    l - +6 ring of strength
MPRegen 0.13/turn

%: no passive effects
@: no status effects
A: sickness immunity, AC +6, negative energy resistance 1, electricity
resistance, torment resistance 1, petrification resistance
a: Renounce Religion, Heroism


You were on level 8 of the Dungeon.
You worshipped Okawaru.
Okawaru was pleased with you.
You visited 1 branch of the dungeon, and saw 9 of its levels.

You collected 285 gold pieces.
You spent 65 gold pieces at shops.


Innate Abilities, Weirdness & Mutations

You are immune to sickness and miasma.
Your stone body is resilient. (AC +6)
You are immune to poison.
You resist negative energy. (rN+)
You are resistant to electric shocks. (rElec)
You are resistant to unholy torment.
You are immune to petrification.


   Skills:
 - Level 7.7 Fighting
 - Level 11.0 Ranged Weapons
 - Level 2.1 Armour
 + Level 2.3 Dodging
 - Level 1.1 Stealth
 - Level 4.4 Invocations


You had 8 spell levels left.
You didn't know any spells.
Your spell library was empty.

Inventory:

Hand Weapons
 a - a +0 arbalest (weapon)
Armour
 d - the +0 pair of boots "Fupeacke" (worn) {rPois Regen+ Str-3 Stlth+}
   (You acquired it on level 9 of the Dungeon)

   Str-3:     It affects your strength (-3).
   rPois:     It protects you from poison Regen+: It increases your rate of
   health regeneration.
   Stlth+:    It makes you more stealthy.
 e - a +2 robe of resistance (worn)
 m - +0 steam dragon scales
Jewellery
 g - a ring of protection from cold
 l - a +6 ring of strength (right hand)
 Y - a ring of protection from cold (left hand)
Scrolls
 c - a scroll of identify
Potions
 b - a potion of enlightenment {unknown}
 f - a potion of might
 h - a potion of haste
 j - a potion of curing
 k - a potion of degeneration {unknown}

Dungeon Overview and Level Annotations

Branches:
Dungeon (9/15)             Temple (0/1) D:6
   Lair: D:8-11         Orc: D:9-12

Altars:
Cheibriados
Elyvilon
Fedhas
Gozag
Hepliaklqana
Kikubaaqudgha
Okawaru
Trog
Xom

Shops:
D:4 ?


Message History

Something hits you.
You shoot a bolt. Something hits you but does no damage. Something hits you!
You shoot a bolt. Something hits you but does no damage.
You shoot a bolt. Something hits you but does no damage.
You shoot a bolt. Something hits you.
You shoot a bolt. Something hits you but does no damage.
You shoot a bolt. Something hits you!
You shoot a bolt. Something hits you. Something hits you but does no damage.
You shoot a bolt.
Something hits you but does no damage. x2
You shoot a bolt. Something hits you!
You shoot a bolt. Something hits you!
You shoot a bolt. Something hits you.
You shoot a bolt. Something completely misses you.
You shoot a bolt. Something hits you. x2
You shoot a bolt. Something hits you but does no damage.
You shoot a bolt. Something hits you.
You shoot a bolt. Something hits you! x2
You shoot a bolt.
Something hits you but does no damage. x2
You shoot a bolt. Something hits you.
You shoot a bolt. Something hits you.
You die...

#.##.####
#######)......# .#
......).....#.# .#
.....)####..# ##.#
).)...#.....# ...#
..)...#.#...####..#
....###.......##..#
....#
###..##.##..#.#
....# #.......@...#
....# #...#.##.##.#
....# #...#.##...
+#### #...#.######
.########...#.#
............#.#
............#.#
............#.#
########..#.#.#


There were no monsters in sight!

Vanquished Creatures
  Maggie (D:8)
  Psyche (D:8)
  Prince Ribbit (D:6)
  A wraith (D:8)
  2 wyverns (D:8)
  2 steam dragons (D:6)
  2 ice beasts (D:6)
  A centaur (D:7)
  An ogre (D:4)
  A phantom (D:6)
  3 kobold brigands
  3 bullfrogs
  2 scorpions
  3 hounds
  2 jellies
  3 orc priests
  5 iguanas
  A gnoll bouda (D:5)
  An orc wizard (D:7)
  7 gnolls
  7 adders
  A shadow imp (D:7)
  A white imp (D:7)
  A worm (D:3)
  2 dart slugs (D:1)
  13 orcs
  6 ball pythons
  5 bats (D:1)
  5 endoplasms
  2 giant cockroaches
  6 goblins
  7 hobgoblins
  4 jackals (D:1)
  3 quokkas
  3 frilled lizards
  19 kobolds
  4 rats
132 creatures vanquished.

Notes
Turn   | Place    | Note
-------+----------+-------------------------------------------
     0 | D:1      | qw the Gargoyle Hunter began the quest for the Orb.
     0 | D:1      | Reached XP level 1. HP: 12/12 MP: 1/1
     0 | D:1      | 0 ||| qw: Version: 0.3-a-76-g4403597
     0 | D:1      | 0 ||| qw: Game counter: 986
     0 | D:1      | 0 ||| qw: Melee chars always use a shield: true
     0 | D:1      | 0 ||| qw: God list: Okawaru
     0 | D:1      | 0 ||| qw: Allow faded altars: false
     0 | D:1      | 0 ||| qw: Do Orc after clearing Dungeon:15 true
     0 | D:1      | 0 ||| qw: Do second Lair branch before Depths: true
     0 | D:1      | 0 ||| qw: Lair rune preference: random
     0 | D:1      | 0 ||| qw: Goals: Normal
     0 | D:1      | 0 ||| PLANNING D:1-11
    91 | D:1      | Reached XP level 2. HP: 17/17 MP: 2/2
   279 | D:1      | Reached XP level 3. HP: 20/21 MP: 3/3
   457 | D:1      | Reached skill level 5 in Ranged Weapons
   689 | D:1      | 689 ||| READING scroll labelled TEOPEITAUFF.
   690 | D:1      | 690 ||| READING 2 scrolls labelled JUOTASIMAU.
   694 | D:1      | 694 ||| DRINKING 2 emerald potions.
   695 | D:1      | 695 ||| DRINKING 2 red potions.
   696 | D:1      | 696 ||| DROPPING scroll of butterflies.
   697 | D:1      | 697 ||| DROPPING potion of brilliance.
  1023 | D:2      | Reached skill level 3 in Fighting
  1054 | D:2      | Reached XP level 4. HP: 28/28 MP: 4/4
  1306 | D:2      | 1306 ||| UPGRADING to +0 ring mail.
  1316 | D:2      | 1316 ||| DROPPING +0 leather armour.
  1317 | D:2      | 1317 ||| UPGRADING to ring of protection from cold.
  1318 | D:2      | 1318 ||| READING scroll labelled JAUQUT HUHOIV.
  1319 | D:2      | 1319 ||| READING scroll labelled NIEMUG KOLOSYO.
  1368 | D:3      | Found an ancient bone altar of Kikubaaqudgha.
  1452 | D:3      | Reached skill level 1 in Armour
  1649 | D:3      | Found a shimmering altar of Xom.
  1649 | D:3      | Found a faded altar of an unknown god.
  1665 | D:3      | Found a snail-covered altar of Cheibriados.
  1667 | D:3      | Found an iron altar of Okawaru.
  1668 | D:3      | 1668 ||| PLANNING OKAWARU WORSHIP
  1668 | D:3      | 1668 ||| READING scroll labelled HUKHLIA HUNODO.
  1669 | D:3      | 1669 ||| READING scroll labelled SIECAK ZUIMEEPT.
  1671 | D:3      | Found a blossoming altar of Fedhas.
  1675 | D:3      | Became a worshipper of Warmaster Okawaru
  1676 | D:3      | 1676 ||| PLANNING D:1-11
  1719 | D:3      | Found a white marble altar of Elyvilon.
  1830 | D:3      | 1830 ||| DRINKING 2 grey potions.
  1867 | D:4      | 1867 ||| RETREATING.
  1871 | D:4      | 1871 ||| Stepping ~*~*~tactically~*~*~ (retreating).
  1875 | D:4      | 1875 ||| FLEEEEING.
  1876 | D:4      | 1876 ||| STAIRDANCE
  1903 | D:4      | 1903 ||| STAIRDANCE
  1984 | D:4      | 1984 ||| STAIRDANCE
  2009 | D:4      | Reached XP level 5. HP: 24/32 MP: 5/5
  2009 | D:4      | 2009 ||| STAIRDANCE
  2048 | D:4      | Found Qeoxkow's Magic Scroll Emporium.
  2057 | D:4      | 2057 ||| SHOPLISTING scroll of enchant armour (97 gold,
                  | have 89).
  2057 | D:4      | 2057 ||| SHOPLISTING scroll of enchant weapon (97 gold,
                  | have 89).
  2057 | D:4      | 2057 ||| BUYING scroll of identify (26 gold).
  2057 | D:4      | Bought a scroll of identify for 26 gold pieces
  2057 | D:4      | 2057 ||| BUYING scroll of teleportation (39 gold).
  2057 | D:4      | Bought a scroll of teleportation for 39 gold pieces
  2143 | D:4      | Found a hazy altar of Hepliaklqana.
  2254 | D:4      | Reached skill level 6 in Ranged Weapons
  2374 | D:4      | Noticed an ogre
  2382 | D:4      | Killed an ogre
  2382 | D:4      | Reached * piety under Okawaru
  2383 | D:4      | Reached XP level 6. HP: 27/39 MP: 6/6
  2783 | D:4      | 2783 ||| UPGRADING to +6 ring of strength.
  2823 | D:5      | Entered Level 5 of the Dungeon
  2896 | D:5      | 2896 ||| INVOKING Heroism.
  2907 | D:5      | 2907 ||| INVOKING Heroism.
  3033 | D:5      | 3033 ||| Stepping ~*~*~tactically~*~*~ (outnumbered).
  3035 | D:5      | 3035 ||| INVOKING Heroism.
  3036 | D:5      | 3036 ||| INVOKING Heroism.
  3047 | D:5      | Reached skill level 7 in Ranged Weapons
  3091 | D:5      | 3091 ||| READING scroll of enchant weapon.
  3091 | D:5      | 3091 ||| ENCHANTING +1 shortbow.
  3114 | D:5      | Reached XP level 7. HP: 30/44 MP: 7/7
  3257 | D:5      | 3257 ||| INVOKING Heroism.
  3642 | D:5      | 3642 ||| READING scroll labelled CYSMEC EDEESIV.
  3643 | D:5      | 3643 ||| READING scroll labelled ONIUB SEDUS LYE.
  3644 | D:5      | 3644 ||| READING 4 scrolls of identify.
  3644 | D:5      | 3644 ||| IDENTIFYING bubbling silvery potion
  3645 | D:5      | 3645 ||| READING 3 scrolls of identify.
  3645 | D:5      | 3645 ||| IDENTIFYING murky clear potion
  3760 | D:6      | Noticed Prince Ribbit
  3772 | D:6      | Killed Prince Ribbit
  3773 | D:6      | Reached skill level 8 in Ranged Weapons
  3806 | D:6      | Reached skill level 1 in Invocations
  3815 | D:6      | Found a staircase to the Ecumenical Temple.
  3882 | D:6      | Found a bloodstained altar of Trog.
  3885 | D:6      | 3885 ||| SWAPPING to +0 arbalest.
  3886 | D:6      | 3886 ||| DROPPING +2 shortbow.
  3892 | D:6      | Noticed a steam dragon
  3893 | D:6      | 3893 ||| INVOKING Heroism.
  3896 | D:6      | 3896 ||| Stepping ~*~*~tactically~*~*~ (cloud).
  3899 | D:6      | 3899 ||| RETREATING.
  3904 | D:6      | 3904 ||| Stepping ~*~*~tactically~*~*~ (retreating).
  3905 | D:6      | 3905 ||| Stepping ~*~*~tactically~*~*~ (retreating).
  3906 | D:6      | 3906 ||| Stepping ~*~*~tactically~*~*~ (retreating).
  3908 | D:6      | 3908 ||| Stepping ~*~*~tactically~*~*~ (retreating).
  3909 | D:6      | 3909 ||| Stepping ~*~*~tactically~*~*~ (retreating).
  3910 | D:6      | 3910 ||| Stepping ~*~*~tactically~*~*~ (retreating).
  3911 | D:6      | 3911 ||| Stepping ~*~*~tactically~*~*~ (retreating).
  3912 | D:6      | 3912 ||| INVOKING Heroism.
  3913 | D:6      | Noticed a steam dragon
  3919 | D:6      | Killed a steam dragon
  3920 | D:6      | Reached XP level 8. HP: 15/50 MP: 7/9
  3920 | D:6      | 3920 ||| INVOKING Heroism.
  3923 | D:6      | HP: 11/50 [ice beast (4)]
  3924 | D:6      | 3924 ||| READING 3 scrolls of teleportation.
  3925 | D:6      | 3925 ||| DRINKING potion of heal wounds.
  3988 | D:6      | Reached skill level 3 in Invocations
  4001 | D:6      | 4001 ||| INVOKING Heroism.
  4101 | D:6      | 4101 ||| INVOKING Heroism.
  4103 | D:6      | 4103 ||| Stepping ~*~*~tactically~*~*~ (cloud).
  4109 | D:6      | HP: 7/50 [steam dragon] (15)]
  4110 | D:6      | 4110 ||| READING 2 scrolls of teleportation.
  4110 | D:6      | HP: 3/50 [steam dragon (3)]
  4327 | D:6      | Reached skill level 9 in Ranged Weapons
  4569 | D:6      | 4569 ||| READING scroll labelled USENAO WYJIR.
  4570 | D:6      | 4570 ||| STAIRDANCE
  4725 | D:7      | 4725 ||| INVOKING Heroism.
  4731 | D:7      | Reached skill level 6 in Fighting
  4740 | D:7      | 4740 ||| INVOKING Heroism.
  4748 | D:7      | Reached XP level 9. HP: 40/55 MP: 10/12
  4811 | D:7      | 4811 ||| FLEEEEING.
  4934 | D:7      | You fall into a shaft and drop 2 floors!
  4935 | D:9      | 4935 ||| UPGRADING to ring of protection from cold.
  4937 | D:9      | 4937 ||| READING scroll labelled MOMIAH SIUCW.
  4937 | D:9      | Identified a scroll of acquirement
  4937 | D:9      | 4937 ||| ACQUIRING +0 pair of boots "Fupeacke" {rPois
                  | Regen+ Str-3 Stlth+}
  4937 | D:9      | Acquired the +0 pair of boots "Fupeacke" {rPois Regen+
                  | Str-3 Stlth+}
  4939 | D:9      | 4939 ||| UPGRADING to +0 pair of boots "Fupeacke" {rPois
                  | Regen+ Str-3 Stlth+}.
  4944 | D:9      | 4944 ||| READING scroll labelled BYEGASMUMYTU.
  4945 | D:9      | 4945 ||| READING scroll labelled GULUZU TYJY.
  4946 | D:9      | 4946 ||| READING 3 scrolls of identify.
  4946 | D:9      | 4946 ||| IDENTIFYING pink potion
  4947 | D:9      | 4947 ||| DROPPING potion of invisibility.
  5021 | D:8      | Found an opulent altar of Gozag.
  5044 | D:8      | Noticed Maggie
  5053 | D:8      | 5053 ||| INVOKING Heroism.
  5059 | D:8      | HP: 10/55 [Maggie/+0 halberd of flaming (4)]
  5060 | D:8      | 5060 ||| READING 2 scrolls of teleportation.
  5061 | D:8      | 5061 ||| DRINKING potion of heal wounds.
  5144 | D:8      | 5144 ||| Stepping ~*~*~tactically~*~*~ (outnumbered).
  5154 | D:8      | Reached skill level 10 in Ranged Weapons
  5169 | D:8      | 5169 ||| INVOKING Heroism.
  5264 | D:8      | 5264 ||| Stepping ~*~*~tactically~*~*~ (retreating).
  5265 | D:8      | 5265 ||| Stepping ~*~*~tactically~*~*~ (retreating).
  5269 | D:8      | 5269 ||| Stepping ~*~*~tactically~*~*~ (retreating).
  5270 | D:8      | 5270 ||| INVOKING Heroism.
  5277 | D:8      | HP: 11/55 [wraith (5)]
  5278 | D:8      | 5278 ||| READING scroll of teleportation.
  5279 | D:8      | HP: 4/55 [Maggie/+0 halberd of flaming (2)]
  5280 | D:8      | Killed Maggie
  5351 | D:8      | 5351 ||| INVOKING Heroism.
  5354 | D:8      | Reached ** piety under Okawaru
  5415 | D:8      | Noticed Psyche
  5416 | D:8      | 5416 ||| INVOKING Heroism.
  5420 | D:8      | Killed Psyche
  5421 | D:8      | Reached skill level 11 in Ranged Weapons
  5533 | D:8      | 5533 ||| UPGRADING to +2 robe of resistance.
  5543 | D:8      | 5543 ||| DROPPING +0 ring mail.
  5544 | D:8      | 5544 ||| UPGRADING to +6 ring of strength.
  5546 | D:8      | 5546 ||| READING 2 scrolls of identify.
  5546 | D:8      | 5546 ||| IDENTIFYING clear potion
  5547 | D:8      | 5547 ||| DROPPING potion of ambrosia.
  5803 | D:8      | HP: 14/58 [something (7)]
  5803 | D:8      | HP: 5/58 [something (9)]
  5806 | D:8      | Slain by an unseen horror

Levels and vault maps discovered:
D:1:      amcnicky_arrival_single_pillar, layout_basic
D:2:      layout_loops_ring
D:3:      layout_rooms, chequers_temple_overflow_minitemple,
          kiku_gazebo_garden_becter, elyvilon_altar_4, minmay_misc_feat_enclosed
D:4:      layout_loops_ring, nzn_hepliaklqana_mist_gate, serial_shops,
          shop_statue
D:5:      layout_cave_pods, hangedman_decor_clover_reticule
D:6:      layout_basic, mainiacjoe_overflow_catwalk, temple_fountains,
          uniq_prince_ribbit1
D:7:      layout_cave_pools
D:8:      layout_basic, general_overflow_altar, uniq_psyche, uniq_maggie,
          uniq_maurice
D:9:      layout_cave_pools, grunt_temple_overflow_holy_war,
          nicolae_overflow_crystal_walls, eat_drink_and_be_merry_uskayaw

Skill      XL: |  1  2  3  4  5  6  7  8  9 |
---------------+----------------------------+-----
Ranged Weapons | 5 6 7 8 9 11 | 11.0
Fighting       | 3 4 5 6 7 |  7.7
Armour         | 1 2 |  2.1
Invocations    | 2 4 |  4.4
Dodging        | 2 |  2.3
Stealth        | |  1.1

Action                     |  1- 3 |  4- 6 |  7- 9 || total
---------------------------+-------+-------+-------++-------
   Fire: Shortbow          |    93 |   150 |    52 ||   295
         Arbalest          |       |       |   226 ||   226
 Invoke: Heroism           |       |     3 |    13 ||    16
    Use: Scroll            |     2 |     5 |    14 ||    21
         Potion            |     2 |     1 |     2 ||     5
 Armour: Leather armour    |    19 |       |       ||    19
         Ring mail         |       |    44 |   126 ||   170
         Robe              |       |       |    53 ||    53
  Dodge: Dodged            |    25 |    53 |   110 ||   188

Table legend:
 A = Non-vault XP
 B = Vault XP
 C = Vault XP percentage of total XP
 D = Non-vault monster count
 E = Vault monster count
 F = Vault count percentage of total count
                 A         B        C        D         E       F
            +---------+---------+-------+---------+---------+-------
      Total |    3317 |    1036 |  23.8 |     128 |       4 |   3.0
            +---------+---------+-------+---------+---------+-------
        D:1 |      43 |       0 |   0.0 |      23 |       0 |   0.0
        D:2 |      44 |       0 |   0.0 |      12 |       0 |   0.0
        D:3 |      54 |       2 |   3.6 |      14 |       1 |   6.7
        D:4 |     245 |       0 |   0.0 |      13 |       0 |   0.0
        D:5 |     304 |       0 |   0.0 |      12 |       0 |   0.0
        D:6 |    1080 |     251 |  18.9 |      18 |       1 |   5.3
        D:7 |     658 |       0 |   0.0 |      22 |       0 |   0.0
        D:8 |     889 |     783 |  46.8 |      14 |       2 |  12.5
            +---------+---------+-------+---------+---------+-------
